 Dungeon Crawl Stone Soup version 0.23-a0-710-gaad00d04af (webtiles) character file.

4151 Flugslaktarn the Cleaver (level 10, -5/85 HPs)
             Began as a Deep Dwarf Fighter on Jan 15, 2019.
             Succumbed to a killer bee's poison
             ... on level 8 of the Dungeon.
             The game lasted 00:03:33 (4377 turns).

Flugslaktarn the Cleaver (Deep Dwarf Fighter)       Turns: 4377, Time: 00:03:33

Health: -5/85      AC: 13    Str: 23    XL:     10   Next: 7%
Magic:  2/2        EV:  7    Int:  9    God:
Gold:   425        SH: 10    Dex: 12    Spells: 9/9 levels left

rFire    . . .     SeeInvis .   n - +0 broad axe
rCold    . . .     Gourm    .   c - +0 shield
rNeg     . . .     Faith    .   b - +0 scale mail
rPois    .         Spirit   .   y - +0 helmet
rElec    .         Reflect  .   z - +0 cloak
rCorr    .         Harm     .   h - +1 pair of gloves
MR       +....                  j - +0 pair of boots (curse)
Stlth    ..........             (no amulet)
HPRegen  0.00/turn              (no ring)
MPRegen  0.08/turn              (no ring)

@: lethally poisoned (-5 -> -82), non-regenerating
A: damage resistance, heal wounds, sense surroundings 2, no regeneration
a: Heal Wounds


You were on level 8 of the Dungeon.
You were not hungry.

You visited 2 branches of the dungeon, and saw 9 of its levels.

You collected 425 gold pieces.

Inventory:

Hand Weapons
 n - a +0 broad axe (weapon)
Armour
 b - a +0 scale mail (worn)
 c - a +0 shield (worn)
 h - a +1 pair of gloves (worn)
 j - a cursed +0 pair of boots (worn)
 y - a +0 helmet (worn)
 z - a +0 cloak (worn)
Jewellery
 r - an uncursed ring of see invisible {unknown}
Wands
 s - a wand of iceblast (6) {@v4}
Scrolls
 a - a scroll of teleportation {unknown}
 l - a scroll of blinking {@r4}
 m - a scroll of enchant weapon {unknown}
 t - a scroll of noise {unknown}
 v - a scroll of fog {unknown}
 x - a scroll of immolation {unknown}
Potions
 d - a potion of might {@q4}
 e - a potion of lignification
 g - a potion of cancellation {unknown}
 i - 3 potions of haste {@q3}
 k - 2 potions of heal wounds {unknown}
 o - 6 potions of curing {@q1}
 p - 2 potions of flight {unknown}
 q - 2 potions of brilliance {unknown}
 u - 2 potions of invisibility {unknown}
 w - a potion of magic {unknown}
Comestibles
 f - 13 rations {@e1}


   Skills:
 + Level 3.9 Fighting
 + Level 14.2 Axes
 + Level 4.7 Armour
 + Level 4.7 Shields


You had 9 spell levels left.
You didn't know any spells.
Your spell library was empty.

Dungeon Overview and Level Annotations

Branches:
Dungeon (8/15)             Temple (1/1) D:6
   Lair: D:8-11

Altars:
Ashenzari
Cheibriados
Dithmenos
Elyvilon
Fedhas
Gozag
Hepliaklqana
Kikubaaqudgha
Nemelex Xobeh
Okawaru
Qazlal
Sif Muna
Trog
Uskayaw
Vehumet
Xom
Yredelemnul
Zin
The Shining One

Annotations:
D:7 1 runed door, exclusion: ice statue


Innate Abilities, Weirdness & Mutations

You are resistant to damage.
You can heal yourself by infusing magical energy.
You passively map the area around you.
You do not regenerate.


Message History

* * * LOW HITPOINT WARNING * * *
You feel extremely sick. You block the killer bee's attack.
The killer bee stings you.
* * * LOW HITPOINT WARNING * * *
You are more poisoned.
The killer bee poisons you! The killer bee barely misses you.
The killer bee stings you.
You are more poisoned.
The killer bee poisons you! You block the killer bee's attack. x2
The killer bee stings you.
* * * LOW HITPOINT WARNING * * *
You block the killer bee's attack.
The killer bee stings you but does no damage.
The killer bee stings you. You block the killer bee's attack.
You miss the killer bee.
The killer bee is moderately wounded.
You hit the killer bee.
You kill the killer bee!
You miss the killer bee. You closely miss the killer bee. x2
You die...

########### #.)........
#.######### # ##### #.# #.
...# #.# #.####y## #.#
#.....yy######.#########
##....†#@y...............
**
*#.....†y.######.#########
, .......##†## #.# , ,
,......# #.# #.# *##y...
#.#######.# , #?#.
*#.##......# * * #. #.
..........######### . #
####.####.......... , * ,
#.# #.###......


You could see 5 killer bees.

Vanquished Creatures
  Psyche (D:8)
  Eustachio (D:4)
  A steam dragon (D:8)
  2 insubstantial wisps (D:8)
  3 ice beasts
  2 ogres
  5 sky beasts
  A black bear (D:8)
  2 phantoms
  2 centaurs
  4 bullfrogs
  A big kobold (D:8)
  A scorpion (D:8)
  10 killer bees (D:8)
  4 howler monkeys
  4 crimson imps
  A centaur zombie (D:6)
  5 orc priests
  2 hounds
  A centaur skeleton (D:6)
  6 iguanas
  8 orc wizards
  3 worker ants (D:5)
  A hound skeleton (D:5)
  A howler monkey zombie (D:7)
  6 adders
  An ooze (D:6)
  An adder skeleton (D:5)
  4 worms
  A dart slug (D:2)
  3 leopard geckos
  27 orcs
  A giant cockroach (D:4)
  7 hobgoblins
  3 quokkas
  2 ball pythons
  4 bats
  8 frilled lizards
  3 goblins
  2 jackal skeletons
  7 kobolds
  A leopard gecko skeleton (D:7)
  A leopard gecko zombie (D:8)
  A quokka skeleton (D:7)
  A quokka zombie (D:7)
  3 rats
159 creatures vanquished.

Vanquished Creatures (others)
  An orc warrior (D:8)
1 creature vanquished.

Grand Total: 160 creatures vanquished

Notes
Turn   | Place    | Note
-------+----------+-------------------------------------------
     0 | D:1      | Flugslaktarn the Deep Dwarf Fighter began the quest for the
                  | Orb.
     0 | D:1      | Reached XP level 1. HP: 20/20 MP: 1/1
    89 | D:1      | Reached skill level 3 in Axes
    99 | D:1      | Reached XP level 2. HP: 27/27 MP: 2/2
   156 | D:2      | Reached XP level 3. HP: 22/33 MP: 2/2
   209 | D:2      | Reached skill level 4 in Axes
   316 | D:2      | Found a snail-covered altar of Cheibriados.
   513 | D:4      | Reached skill level 5 in Axes
   513 | D:4      | Reached XP level 4. HP: 37/40 MP: 3/3
   517 | D:4      | Noticed Eustachio
   531 | D:4      | Reached skill level 6 in Axes
   531 | D:4      | Reached XP level 5. HP: 32/46 MP: 4/4
   614 | D:4      | Killed Eustachio
   614 | D:4      | Reached skill level 7 in Axes
   614 | D:4      | Reached XP level 6. HP: 44/55 MP: 5/5
   822 | D:4      | Found an opulent altar of Gozag.
   832 | D:4      | Found a white marble altar of Elyvilon.
   908 | D:4      | Reached skill level 8 in Axes
  1091 | D:4      | Reached XP level 7. HP: 36/61 MP: 5/5
  1103 | D:4      | Noticed a +0 dagger
  1107 | D:4      | Found a hide-covered altar of Uskayaw.
  1107 | D:4      | Noticed a +0 hand axe
  1318 | D:5      | Entered Level 5 of the Dungeon
  1350 | D:5      | Reached skill level 9 in Axes
  1553 | D:5      | Reached skill level 10 in Axes
  1659 | D:5      | Reached XP level 8. HP: 43/68 MP: 5/5
  2090 | D:6      | Found a staircase to the Ecumenical Temple.
  2094 | D:6      | Reached skill level 11 in Axes
  2108 | Temple   | Entered the Ecumenical Temple
  2841 | D:6      | Found an opulent altar of Gozag.
  2841 | D:6      | Found a glowing silver altar of Zin.
  2871 | D:6      | Reached skill level 12 in Axes
  3044 | D:7      | Gained mutation: You passively map the area around you.
                  | [Deep Dwarf growth]
  3044 | D:7      | Reached XP level 9. HP: 63/74 MP: 4/4
  3101 | D:7      | Found a runed door.
  3224 | D:7      | Reached skill level 13 in Axes
  3296 | D:7      | Noticed an ice statue
  3398 | D:7      | Found a shattered altar of Ashenzari.
  3952 | D:8      | Reached skill level 14 in Axes
  3964 | D:8      | Noticed Psyche
  3987 | D:8      | Killed Psyche
  4349 | D:8      | Reached XP level 10. HP: 61/85 MP: 3/3
  4376 | D:8      | HP: 2/85 [killer bee (4)]
  4377 | D:8      | Succumbed to a killer bee's poison

Vault maps used:
D:1:      lemuel_arrival_tunnels
D:2:      lemuel_coloured_pillars_altar, gammafunk_temple_overflow_elements,
          first_ration
D:3:      chequers_ecumenical_altar_grove, fedhas_altar_2
D:4:      nicolae_overflow_hidden_temple, dancing_weapons_uskayaw,
          grunt_gozag_statues, uniq_eustachio
D:6:      grunt_temple_overflow_gold_and_silver,
          minmay_temple_entry_proselytizer, chequers_serial_rivers_room_b
D:7:      lemuel_ice_statue, cheibrodos_ashenzari_chains,
          uniq_crazy_yiuf_cottage
D:8:      david_nohive_1, hangedman_misty_isle, uniq_psyche
Temple:   dshaligram_water_room_temple

Skill      XL: |  1  2  3  4  5  6  7  8  9 |
---------------+----------------------------+-----
Axes           | 3 5 6 7 8 10 12 14 | 14.2
Fighting       | 3 |  3.9
Armour         | 4 |  4.7
Shields        | 4 |  4.7

Action                   |  1- 3 |  4- 6 |  7- 9 | 10-12 || total
-------------------------+-------+-------+-------+-------++-------
Melee: War axe           |   109 |   142 |   381 |       ||   632
       Broad axe         |       |       |    22 |    21 ||    43
 Abil: Heal Wounds       |     2 |     5 |    12 |     4 ||    23
  Use: Scroll            |       |       |     3 |       ||     3
  Eat: Chunk             |       |       |    12 |       ||    12
Armor: Scale mail        |    40 |   146 |   149 |    65 ||   400
Dodge: Dodged            |    44 |    71 |    85 |    31 ||   231
Block: Shield            |    60 |   105 |   135 |    56 ||   356

Table legend:
 A = Non-vault XP
 B = Vault XP
 C = Vault XP percentage of total XP
 D = Non-vault monster count
 E = Vault monster count
 F = Vault count percentage of total count
                 A         B        C        D         E       F
            +---------+---------+-------+---------+---------+-------
      Total |    3747 |    2183 |  36.8 |     141 |      19 |  11.9
            +---------+---------+-------+---------+---------+-------
        D:1 |      13 |       0 |   0.0 |      10 |       0 |   0.0
        D:2 |      63 |       0 |   0.0 |      21 |       0 |   0.0
        D:3 |       5 |       0 |   0.0 |       2 |       0 |   0.0
        D:4 |     505 |     211 |  29.5 |      24 |       1 |   4.0
        D:5 |     863 |       0 |   0.0 |      20 |       0 |   0.0
        D:6 |     788 |      41 |   4.9 |      18 |       1 |   5.3
        D:7 |     856 |       0 |   0.0 |      23 |       0 |   0.0
        D:8 |     654 |    1931 |  74.7 |      23 |      17 |  42.5
            +---------+---------+-------+---------+---------+-------
